 Dungeon Crawl Stone Soup version 0.29.0-4-gdea44cf6ec (webtiles) character file.

Game seed: 12916657699779118769

4 qw the Sneak (level 1, 0/14 HPs)
             Began as a Gargoyle Delver on Sept 10, 2022.
             Slain by a water moccasin (3 damage)
             ... on level 5 of the Dungeon.
             The game lasted 00:00:03 (123 turns).

qw the Sneak (Gargoyle Delver)                       Turns: 123, Time: 00:00:03

Health: 0/14       AC:  5    Str: 15    XL:     1   Next: 60%
Magic:  1/1        EV: 11    Int: 10    God:
Gold:   0          SH:  0    Dex: 11    Spells: 0/0 levels left

rFire   . . .      SeeInvis .   a - +0 hand axe
rCold   . . .      Faith    .   (no shield)
rNeg    + . .      Spirit   .   b - +0 leather armour
rPois   inf        Reflect  .   (no helmet)
rElec   +          Harm     .   (no cloak)
rCorr   .          Rampage  .   (no gloves)
Will    .....                   (no boots)
Stlth   +++.......              (no amulet)
HPRegen 0.04/turn               (no ring)
MPRegen 0.07/turn               (no ring)

@: no status effects
A: sickness immunity, AC +2, negative energy resistance 1, electricity
resistance, torment resistance 1, petrification resistance
a: no special abilities


You were on level 5 of the Dungeon.
You visited 1 branch of the dungeon, and saw 1 of its levels.


Innate Abilities, Weirdness & Mutations

You are immune to sickness and miasma.
Your stone body is resilient. (AC +2)
You are immune to poison.
You resist negative energy. (rN+)
You are resistant to electric shocks. (rElec)
You are resistant to unholy torment.
You are immune to petrification.


   Skills:
 - Level 3.2 Fighting
 + Level 2.1 Axes
 - Level 1.5 Dodging
 - Level 5.4 Stealth


You couldn't memorise any spells.
You didn't know any spells.
Your spell library was empty.

Inventory:

Hand Weapons
 a - a +0 hand axe (weapon)
Armour
 b - a +0 leather armour (worn)
Wands
 g - a wand of digging (3)
Scrolls
 c - a scroll of fog
 d - a scroll of magic mapping
 e - a scroll of fear
Potions
 f - a potion of haste

Dungeon Overview and Level Annotations

Branches:
Dungeon (5/15)
 Temple: D:4-7

Altars:


Message History

You slash the orc!
You kill the orc!
Your Axes skill increases to level 2!
You start resting.
You hear the slow hiss of a very distant avalanche of sand.
HP restored.
You hear the slow hiss of a very distant avalanche of sand.
You see here a +0 dagger.
An orc comes into view. It is wielding a +2 mace of holy wrath.
The orc shouts!
An adder comes into view.
An orc comes into view. It is wielding a +0 short sword.
110 ||| Stepping ~*~*~tactically~*~*~ (stealth).
111 ||| Stepping ~*~*~tactically~*~*~ (stealth).
113 ||| Stepping ~*~*~tactically~*~*~ (stealth).
You closely miss the orc. The orc barely misses you.
You hit the orc. You punch the orc.
You kill the orc!
A water moccasin comes into view.
116 ||| Stepping ~*~*~tactically~*~*~ (stealth).
You hit the water moccasin but do no damage.
Your punch misses the water moccasin. The water moccasin bites you. x2
You hit the water moccasin.
The water moccasin is lightly wounded.
The water moccasin bites you but does no damage.
The water moccasin closely misses you.
You barely miss the water moccasin.
The water moccasin is lightly wounded.
The water moccasin bites you.
The water moccasin bites you but does no damage.
You closely miss the water moccasin.
The water moccasin is lightly wounded.
The water moccasin misses you.
The adder hisses angrily.
You hit the water moccasin.
The water moccasin is lightly wounded.
The water moccasin bites you.
You die...

.. #.# #####o.
.......## ........#
....S...# ........#
.########S#########
.......@S.........#
#########..######)#
........ #.#
#####.##.###.# #
..##.....# .
########.#### .
#....##. #.##....
#.####>.


You could see a water moccasin and an adder.

Vanquished Creatures
  2 orcs (D:5)
2 creatures vanquished.

Notes
Turn   | Place    | Note
-------+----------+-------------------------------------------
     0 | D:5      | qw the Gargoyle Delver began the quest for the Orb.
     0 | D:5      | Reached XP level 1. HP: 14/14 MP: 1/1
     0 | D:5      | 0 ||| qw: Version: 0.1-a-116-g5d60599
     0 | D:5      | 0 ||| qw: Game counter: 9019
     0 | D:5      | 0 ||| qw: Always use a shield: true
     0 | D:5      | 0 ||| qw: God list: Okawaru
     0 | D:5      | 0 ||| qw: Allow faded altars: false
     0 | D:5      | 0 ||| qw: Do Orc after D:15 true
     0 | D:5      | 0 ||| qw: Do second Lair branch before Depths: true
     0 | D:5      | 0 ||| qw: Lair rune preference: random
     0 | D:5      | 0 ||| qw: Plans: Normal
     0 | D:5      | 0 ||| PLANNING D:1-11
    17 | D:5      | 17 ||| Stepping ~*~*~tactically~*~*~ (stealth).
   110 | D:5      | 110 ||| Stepping ~*~*~tactically~*~*~ (stealth).
   111 | D:5      | 111 ||| Stepping ~*~*~tactically~*~*~ (stealth).
   113 | D:5      | 113 ||| Stepping ~*~*~tactically~*~*~ (stealth).
   115 | D:5      | Noticed a water moccasin
   116 | D:5      | 116 ||| Stepping ~*~*~tactically~*~*~ (stealth).
   121 | D:5      | HP: 2/14 [water moccasin (4)]
   123 | D:5      | Slain by a water moccasin

Levels and vault maps discovered:
D:5:      layout_basic, temple_fountains, enter_ossuary_5, grunt_ministairs_8

Skill      XL: |  1 |
---------------+----+-----
Axes           | 2 |  2.1
Fighting       | |  3.2
Dodging        | |  1.5
Stealth        | |  5.4

Action                   || total
-------------------------++-------
Melee: Hand axe          ||    14
       Punch             ||     1
Armor: Leather armour    ||     6
Dodge: Dodged            ||     5

Table legend:
 A = Non-vault XP
 B = Vault XP
 C = Vault XP percentage of total XP
 D = Non-vault monster count
 E = Vault monster count
 F = Vault count percentage of total count
                 A         B        C        D         E       F
            +---------+---------+-------+---------+---------+-------
      Total |       6 |       0 |   0.0 |       2 |       0 |   0.0
            +---------+---------+-------+---------+---------+-------
        D:5 |       6 |       0 |   0.0 |       2 |       0 |   0.0
            +---------+---------+-------+---------+---------+-------
